 Dungeon Crawl Stone Soup version 0.29-a0-473-gacb4ef3bc5 (webtiles) character file.

Game seed: 6203522827675501815

1238 101zpm the Magician (level 8, -9/50 HPs)
             Began as a Djinni Fire Elementalist on May 23, 2022.
             Was an Initiate of Hepliaklqana.
             Killed from afar by Maggie (10 damage)
             ... with a bolt of fire
             ... on level 6 of the Dungeon.
             The game lasted 00:07:06 (4355 turns).

101zpm the Magician (Djinni Fire Elementalist)      Turns: 4355, Time: 00:07:06

Health: -9/50      AC:  2    Str:  7    XL:     8   Next: 78%
Gold:   107        EV: 12    Int: 19    God:    Hepliaklqana [......] SH:  0 Dex: 14

rFire   + + .      SeeInvis .   (no weapon)
rCold   x . .      Faith    .   (no shield)
rNeg    . . .      Spirit   .   a - +0 robe
rPois   ∞          Reflect  .   (no helmet)
rElec   .          Harm     .   (no cloak)
rCorr   .          Rampage  .   (no gloves)
Will    .....                   (boots unavailable)
Stlth   ++........              (no amulet)
HPRegen 0.16/turn               (no ring)
MPRegen 0.00/turn               (no ring)

@: flying, very slightly contaminated
A: sickness immunity, fire resistance 2, cold vulnerability 1, float, innate
caster, HP casting, extra vitality 1
a: Renounce Religion


You were on level 6 of the Dungeon.
You worshipped Hepliaklqana.
Hepliaklqana was noncommittal.
You visited 2 branches of the dungeon, and saw 7 of its levels.

You collected 107 gold pieces.

Inventory:

Hand Weapons
 i - a +2 whip of pain
Missiles
 n - a throwing net
Armour
 a - a +0 robe (worn)
Jewellery
 o - a ring of protection from fire
Scrolls
 c - a scroll of blinking {unknown}
 d - 5 scrolls of identify {unknown}
 e - 2 scrolls of poison {unknown}
 g - 2 scrolls of noise {unknown}
 h - 4 scrolls of vulnerability {unknown}
 k - a scroll of enchant armour {unknown}
 p - a scroll of enchant weapon {unknown}
 q - a scroll of fear {unknown}
Potions
 b - a potion of invisibility {unknown}
 f - 2 potions of curing {unknown}
 j - 2 potions of magic {unknown}
 l - 2 potions of flight {unknown}
 m - a potion of might {unknown}


   Skills:
 + Level 0.2 Fighting
 + Level 2.6 Dodging
 + Level 2.9 Stealth
 + Level 7.6 Spellcasting


You had 3 spell levels left.
You knew the following spells:

 Your Spells              Type           Power      Damage    Failure   Level
a - Foxfire               Conj/Fire      100%       2x1d9     1%          1
b - Scorch                Fire           72%        2d8       1%          2
c - Conjure Flame         Conj/Fire      36%        6-21      1%          3
d - Inner Flame           Hex/Fire       36%        N/A       1%          3
e - Flame Wave            Conj/Fire      36%        2d9       4%          4
f - Magic Dart            Conj           100%       1d8       1%          1
g - Passwall              Tmut/Erth      30%        N/A       1%          2
h - Confusing Touch       Hex            36%        N/A       1%          3
Your spell library was empty.

Dungeon Overview and Level Annotations

Branches:
Dungeon (6/15)             Temple (1/1) D:5

Altars:
Cheibriados
Elyvilon
Hepliaklqana
Kikubaaqudgha
Makhleb
Okawaru
Qazlal
Sif Muna
Trog
Wu Jian
Xom
Yredelemnul
The Shining One

Shops:
D:3 !

Annotations:
D:3 1 runed translucent door, Crazy Yiuf
D:6 Maggie


Innate Abilities, Weirdness & Mutations

You are immune to sickness and miasma.
You are immune to poison.
Your flesh is very heat resistant. (rF++)
You are vulnerable to cold. (rC-)
You float through the air rather than walking.
You learn spells naturally, not from books.
Your magical power is your life essence.
You have superior vitality. (+4 MHP)


Message History

You are very lightly contaminated with residual magic.
Nothing appears to happen.
* * * LOW HITPOINT WARNING * * *
You break out of your daze.
The foxfire hits the sky beast but does no damage.
The sky beast is heavily wounded.
The foxfire hits Maggie but does no damage.
Maggie is heavily wounded.
An orc comes into view. It is wielding a +0 mace.
The foxfire hits the sky beast!
Flame seeps out of the sky beast.
The sky beast is severely wounded.
Maggie casts a spell.
Maggie attempts to bespell you! You resist.
Casting: Scorch (safe; 1% risk of failure)
Confirm with . or Enter, or press ? or * to list all spells.
Flames lash the sky beast.
* * * LOW HITPOINT WARNING * * *
The sky beast explodes!
The fiery explosion engulfs the orc!!
The orc explodes!
Maggie says, "Fear not.
I will immortalize you in the tale of my first kill."
Maggie mumbles some strange words.
Maggie attempts to bespell you! You resist.
Casting: Foxfire (safe; 1% risk of failure)
Press: ? - help, Q - select action, (/) - cycle Dir - look around, f - activate You conjure some foxfire!
* * * LOW HITPOINT WARNING * * *
The bullfrog is engulfed in blazing flames. x2
You kill the bullfrog!
Your foxfire dissipates!
The foxfire hits Maggie.
Flame seeps out of Maggie.
Maggie is heavily wounded.
Maggie is engulfed in blazing flames.
Flame seeps out of Maggie.
Maggie casts a spell at you. The bolt of fire hits you. You resist.
* * * LOW HITPOINT WARNING * * *
Maggie is engulfed in blazing flames.
Flame seeps out of Maggie.
Maggie gestures at you while chanting. The bolt of fire hits you! You resist.
You die...

##..<.#
#...#.#
.....#...#
...# #..##
.. #.## .
#..## ##..#
#...# #.@##
###.##
#..§.#
....°)§§###
#..##)§.# #
o§○###
...o@
......
.....


You could see Maggie (inner flame), an orc wizard and an orc.

Vanquished Creatures
  Edmund (D:6)
  A black bear (D:5)
  An ice beast (D:4)
  A sky beast (D:6)
  3 phantoms (D:5)
  A bullfrog (D:6)
  2 scorpions (D:4)
  A gnoll sergeant (D:5)
  A gnoll shaman (D:5)
  Jessica (D:3)
  3 iguanas
  2 orc wizards
  11 gnolls (D:5)
  4 adders
  A shadow imp (D:6)
  A worm (D:3)
  A dart slug (D:3)
  12 orcs
  3 ball pythons (D:3)
  A bat (D:3)
  3 endoplasms
  A giant cockroach (D:3)
  2 goblins
  3 hobgoblins (D:3)
  3 kobolds
  A rat (D:3)
65 creatures vanquished.

Vanquished Creatures (collateral kills)
  2 foxfires (D:2)
2 creatures vanquished.

Vanquished Creatures (others)
  286 foxfires
286 creatures vanquished.

Grand Total: 353 creatures vanquished

Notes
Turn   | Place    | Note
-------+----------+-------------------------------------------
     0 | D:1      | 101zpm the Djinni Fire Elementalist began the quest for the
                  | Orb.
     0 | D:1      | Reached XP level 1. HP: 15/15 MP: 0/0
   225 | D:3      | Reached XP level 2. HP: 14/21 MP: 0/0
   356 | D:3      | Reached skill level 3 in Spellcasting
   356 | D:3      | Reached XP level 3. HP: 18/25 MP: 0/0
   356 | D:3      | Learned a level 1 spell: Magic Dart
   830 | D:4      | Noticed an ice beast
   839 | D:4      | Killed an ice beast
   840 | D:4      | Reached skill level 4 in Spellcasting
   840 | D:4      | Reached XP level 4. HP: 21/31 MP: 0/0
   840 | D:4      | Reached XP level 5. HP: 23/35 MP: 0/0
   840 | D:4      | Learned a level 2 spell: Passwall
  1212 | D:4      | Reached XP level 6. HP: 34/40 MP: 0/0
  1470 | D:5      | Entered Level 5 of the Dungeon
  1484 | D:5      | Noticed a black bear
  1488 | D:5      | Killed a black bear
  1489 | D:5      | Reached skill level 5 in Spellcasting
  1496 | D:5      | Reached XP level 7. HP: 14/45 MP: 0/0
  1496 | D:5      | Learned a level 3 spell: Confusing Touch
  2026 | D:3      | Found Canneigh's Distillery.
  2091 | D:3      | Noticed Jessica
  2094 | D:3      | Killed Jessica
  2676 | D:3      | Found a runed translucent door.
  2677 | D:3      | Noticed Crazy Yiuf
  2913 | D:4      | Reached skill level 6 in Spellcasting
  3336 | D:5      | Reached XP level 8. HP: 25/50 MP: 0/0
  3516 | D:5      | Found a staircase to the Ecumenical Temple.
  4095 | Temple   | Entered the Ecumenical Temple
  4281 | Temple   | Became a worshipper of Hepliaklqana the Forgotten
  4327 | D:6      | Noticed Edmund
  4332 | D:6      | Killed Edmund
  4333 | D:6      | Reached skill level 7 in Spellcasting
  4340 | D:6      | Noticed Maggie
  4354 | D:6      | HP: 1/50 [Maggie/bolt of fire (6)]
  4355 | D:6      | Killed from afar by Maggie

Illustrated notes

Levels and vault maps discovered:
D:1:      erik_arrival_triangle_medium, layout_basic,
          hellmonk_ecumenical_altar_pennies_from_heaven
D:2:      layout_loops_ring, chequers_serial_rivers_micro_e,
          minmay_misc_feat_more_columns, minmay_hedge_maze, uniq_natasha
D:3:      layout_basic, serial_shops, nicolae_shop_trees,
          uniq_crazy_yiuf_cottage, uniq_jessica
D:4:      minmay_door_path, layout_basic
D:5:      layout_rooms, nicolae_sif_muna_condensation,
          mainiacjoe_overflow_24_doors, minmay_temple_entry_drinking_statues
D:6:      nicolae_cairo_tiling_large_dashed, layout_cave_pools, serial_shops,
          nicolae_stop_n_shop_2, uniq_maggie, uniq_edmund
Temple:   bh_familiar_temple

Skill      XL: |  1  2  3  4  5  6  7  8 |
---------------+-------------------------+-----
Spellcasting   | 3 4 5 6 7 |  7.6
Stealth        | 2 |  2.9
Fighting       | |  0.2
Dodging        | |  2.6

Action                   |  1- 3 |  4- 6 |  7- 9 || total
-------------------------+-------+-------+-------++-------
 Cast: Foxfire           |    53 |    38 |    92 ||   183
       Scorch            |     1 |     3 |    14 ||    18
       Inner Flame       |       |     6 |    31 ||    37
Armor: Robe              |     3 |       |       ||     3
Dodge: Dodged            |       |       |     2 ||     2

Table legend: (Time is in decaauts)
 A = Elapsed time spent in this place.
 B = Non-inter-level travel time spent in this place.
 C = Inter-level travel time spent in this place.
 D = Time resting spent in this place.
 E = Time spent auto-exploring this place.
 F = Levels seen in this place.
 G = Mean time per level.
                   A        B        C        D        E       F      G
               +--------+--------+--------+--------+--------+-----+--------+
         Total |   4356 |   4162 |    194 |    382 |   3384 |   7 |  622.3 |
       Dungeon |   4151 |   3982 |    169 |    382 |   3210 |   6 |  691.8 |
        Temple |    204 |    179 |     25 |      0 |    174 |   1 |  204.0 |
               +--------+--------+--------+--------+--------+-----+--------+

Top non-repeatable levels by time:
     D:4: 1506 daAuts
     D:3: 1461 daAuts
     D:5: 1040 daAuts
  Temple: 204 daAuts
     D:2: 57 daAuts
     D:1: 46 daAuts
     D:6: 39 daAuts
